 Dungeon Crawl Stone Soup version 0.30.0-19-gbf45117a57 (webtiles) character file.

Game seed: 7238002930211065124

379 qw the Shield-Bearer (level 6, -2/37 HPs)
             Began as a Gargoyle Fighter on May 25, 2023.
             Was an Initiate of Okawaru.
             Slain by an orc priest
             ... wielding a +0 flail
              (4 damage)
             ... on level 5 of the Dungeon.
             The game lasted 00:01:26 (3808 turns).

qw the Shield-Bearer (Gargoyle Fighter)             Turns: 3808, Time: 00:01:26

Health: -2/37      AC: 21    Str: 21    XL:     6   Next: 74%
Magic:  6/6        EV:  5    Int:  9    God:    Okawaru [......]
Gold:   3          SH: 12    Dex:  9    Spells: 5/5 levels left

rFire   . . .        Y - +2 war axe (protect)
rCold   . . .        p - +0 tower shield
rNeg    + . .        l - +0 chain mail
rPois   inf          o - +0 helmet
rElec   +            (no cloak)
rCorr   .            (no gloves)
SInv    +            (no boots)
Will    .....        (no amulet) Stlth
                     a - ring of see invisible
HPRegen 0.26/turn    (no ring)
MPRegen 0.10/turn

%: no passive effects
@: under a protective aura
A: sickness immunity, AC +4, negative energy resistance 1, electricity
resistance, torment resistance 1, petrification resistance
a: Renounce Religion


You were on level 5 of the Dungeon.
You worshipped Okawaru.
Okawaru was noncommittal.
You visited 2 branches of the dungeon, and saw 6 of its levels.

You collected 250 gold pieces.
You spent 247 gold pieces at shops.


Innate Abilities, Weirdness & Mutations

You are immune to sickness and miasma.
Your stone body is resilient. (AC +4)
You are immune to poison.
You resist negative energy. (rN+)
You are resistant to electric shocks. (rElec)
You are resistant to unholy torment.
You are immune to petrification.


   Skills:
 - Level 3.3 Fighting
 - Level 5.0 Axes
 - Level 3.2 Armour
 + Level 5.6 Shields


You had 5 spell levels left.
You didn't know any spells.
Your spell library was empty.

Inventory:

Hand Weapons
 m - a +0 whip of venom
 Y - a +2 war axe of protection (weapon)
Armour
 c - a +0 cloak
 l - a +0 chain mail (worn)
 o - a +0 helmet (worn)
 p - a +0 tower shield (worn)
Jewellery
 a - a ring of see invisible (left hand)
Scrolls
 h - 2 scrolls of teleportation
 r - a scroll of identify
Potions
 b - a potion of haste
 d - a potion of might
 g - 2 potions of curing
 i - a potion of mutation
 k - 2 potions of attraction
 q - a potion of cancellation

Dungeon Overview and Level Annotations

Branches:
Dungeon (5/15)             Temple (1/1) D:4

Altars:
Ashenzari
Cheibriados
Dithmenos
Elyvilon
Fedhas
Gozag
Kikubaaqudgha
Makhleb
Nemelex Xobeh
Okawaru
Qazlal
Ru
Trog
Wu Jian
Xom
Zin

Shops:
D:3 *:[   D:5 *

Annotations:
D:5 2 transporters, qw's ghost, novice GrFi


Message History

The ogre shouts!
The orc hits you with a +0 morningstar.
You hit the orc priest but do no damage.
Your weapon exudes an aura of protection.
You barely miss the orc. You block the orc's attack.
The orc priest mumbles some strange prayers to Beogh against you.
Pain shoots through your body! You block the orc's attack.
The orc hits you with a +0 morningstar.
You hit the orc priest.
The orc priest is lightly wounded.
You hit the orc. You completely miss the orc.
The orc hits you but does no damage. The orc barely misses you.
You block the orc priest's attack.
You hit the orc.
The orc is severely wounded.
You barely miss the orc priest. You barely miss the orc wizard.
You hit the orc but do no damage. You block the orc's attack.
The orc wizard hits you but does no damage.
The orc hits you but does no damage. You block the orc priest's attack.
The orc priest hits you but does no damage.
The orc barely misses you.
You closely miss the orc.
The orc is severely wounded.
You closely miss the orc wizard. You hit the orc. You hit the orc priest.
The orc priest hits you with a +0 flail.
The orc wizard hits you but does no damage.
You block the orc's attack.
You hit the orc.
You kill the orc!
Okawaru accepts your kill.
You barely miss the orc wizard. You barely miss the orc.
You closely miss the orc. You barely miss the orc priest.
The orc hits you with a +0 morningstar. You block the orc wizard's attack.
The orc hits you with a +0 flail.
The orc priest calls down the wrath of Beogh upon you.
Pain shoots through your body! The orc hits you with a +0 morningstar!
The orc priest hits you with a +0 flail.
You die...

##### #...# .
#...####+#####..
#............$..
####.....=.O....?..
##.........ooo...?..
#...........@o......
#..\:.#......)......
##.....######.#####..
#.....## #.#
####.####### #.#
............ ...
############ #.# ..#
... ... #.##...


You could see an ogre, an orc priest, an orc wizard and 2 orcs.

Vanquished Creatures
  3 scorpions
  A howler monkey (D:4)
  2 iguanas
  2 adders
  3 worms
  3 dart slugs
  An orc (D:5)
  4 bats
  9 endoplasms
  3 giant cockroaches
  8 goblins
  3 hobgoblins
  6 jackals
  6 kobolds
  2 quokkas
  10 ball pythons
  A frilled lizard (D:2)
  7 rats
74 creatures vanquished.

Notes
Turn   | Place    | Note
-------+----------+-------------------------------------------
     0 | D:1      | qw the Gargoyle Fighter began the quest for the Orb.
     0 | D:1      | Reached XP level 1. HP: 14/14 MP: 1/1
     0 | D:1      | 0 ||| qw: Version: 0.2-a-98-g5d7165a
     0 | D:1      | 0 ||| qw: Game counter: 93
     0 | D:1      | 0 ||| qw: Always use a shield: true
     0 | D:1      | 0 ||| qw: God list: Okawaru
     0 | D:1      | 0 ||| qw: Allow faded altars: false
     0 | D:1      | 0 ||| qw: Do Orc after D:15 true
     0 | D:1      | 0 ||| qw: Do second Lair branch before Depths: true
     0 | D:1      | 0 ||| qw: Lair rune preference: random
     0 | D:1      | 0 ||| qw: Plans: Normal, Zot:1-4, God:TSO, Crypt, Tomb,
                  | Pan, Slime:5, Hells, Abyss, Win
     0 | D:1      | 0 ||| PLANNING D:1-11
    20 | D:1      | 20 ||| Stepping ~*~*~tactically~*~*~ (stealth).
    38 | D:1      | You fall into a shaft and drop 1 floor!
    92 | D:2      | Reached XP level 2. HP: 19/19 MP: 2/2
   121 | D:2      | 121 ||| READING scroll labelled FUUPPY TYBRUU.
   122 | D:2      | 122 ||| READING scroll labelled ENOTISHR BOKLEDO.
   309 | D:1      | 309 ||| DROPPING +0 club.
   360 | D:1      | Reached skill level 3 in Axes
   561 | D:1      | Reached XP level 3. HP: 23/23 MP: 3/3
   735 | D:1      | 735 ||| UPGRADING to ring of see invisible.
   736 | D:1      | 736 ||| READING 3 scrolls labelled RIKLUIXEMOU.
   737 | D:1      | 737 ||| READING 2 scrolls of brand weapon.
   737 | D:1      | 737 ||| BRANDING +1 war axe of venom.
   738 | D:1      | 738 ||| DROPPING +0 whip.
   739 | D:1      | 739 ||| READING scroll of brand weapon.
   739 | D:1      | 739 ||| BRANDING +1 war axe of flaming.
   740 | D:1      | 740 ||| READING 2 scrolls labelled CIATIZ WIPH.
   855 | D:2      | 855 ||| Stepping ~*~*~tactically~*~*~ (hiding).
   856 | D:2      | 856 ||| Stepping ~*~*~tactically~*~*~ (hiding).
  1093 | D:2      | 1093 ||| DROPPING +0 club.
  1265 | D:2      | 1265 ||| UPGRADING to amulet of guardian spirit.
  1270 | D:2      | 1270 ||| DROPPING +6 ring of intelligence.
  1271 | D:2      | 1271 ||| READING scroll labelled RATAOS OR ROEH.
  1286 | D:2      | 1286 ||| READING scroll labelled BEJI BOKKIOTZ.
  1287 | D:2      | 1287 ||| READING scroll labelled REPOODW QODAI.
  1288 | D:2      | 1288 ||| READING scroll labelled KOTAZEELEOKO.
  1288 | D:2      | Identified a scroll of acquirement
  1288 | D:2      | 1288 ||| ACQUIRING +3 Mad Mage's Maulers {Infuse+∞ VampMP
                  | -Cast}
  1288 | D:2      | Acquired the +3 Mad Mage's Maulers {Infuse+∞ VampMP -Cast}
  1288 | D:2      | Found the +3 Mad Mage's Maulers {Infuse+∞ VampMP -Cast}
  1290 | D:2      | 1290 ||| UPGRADING to +3 Mad Mage's Maulers {Infuse+∞
                  | VampMP -Cast}.
  1295 | D:2      | 1295 ||| READING scroll labelled JUUGAI VYLE.
  1296 | D:2      | 1296 ||| READING scroll labelled KOPIXUABOTI.
  1381 | D:3      | Found Pamanu's Armour Shop.
  1394 | D:3      | Reached XP level 4. HP: 28/28 MP: 0/4
  1443 | D:3      | 1443 ||| BUYING +0 chain mail (45 gold).
  1443 | D:3      | Bought a +0 chain mail for 45 gold pieces
  1443 | D:3      | 1443 ||| BUYING +0 helmet (45 gold).
  1443 | D:3      | Bought a +0 helmet for 45 gold pieces
  1443 | D:3      | 1443 ||| BUYING +0 tower shield (45 gold).
  1443 | D:3      | Bought a +0 tower shield for 45 gold pieces
  1443 | D:3      | 1443 ||| SHOPLISTING +10 plate armour of ponderousness (500
                  | gold, have 40).
  1674 | D:3      | Found Jaowk's General Store.
  1683 | D:3      | Found Gocam's Book Shop.
  1684 | D:3      | 1684 ||| SHOPLISTING +0 cloak (54 gold, have 48).
  1684 | D:3      | 1684 ||| SHOPLISTING potion of haste (120 gold, have 48).
  1696 | D:3      | 1696 ||| Stepping ~*~*~tactically~*~*~ (hiding).
  1697 | D:3      | 1697 ||| Stepping ~*~*~tactically~*~*~ (hiding).
  1738 | D:3      | Noticed a scorpion
  1749 | D:3      | Killed a scorpion
  1750 | D:3      | Reached XP level 5. HP: 30/32 MP: 1/5
  1806 | D:3      | 1806 ||| READING scroll of enchant weapon.
  1806 | D:3      | 1806 ||| ENCHANTING +1 war axe of protection.
  2364 | D:3      | 2364 ||| UPGRADING to +0 chain mail.
  2374 | D:3      | 2374 ||| DROPPING +0 scale mail.
  2375 | D:3      | 2375 ||| UPGRADING to +0 helmet.
  2380 | D:3      | 2380 ||| UPGRADING to +0 tower shield.
  2390 | D:3      | 2390 ||| DROPPING +0 buckler.
  2391 | D:3      | 2391 ||| DRINKING 2 clear potions.
  2392 | D:3      | 2392 ||| READING 3 scrolls of identify.
  2392 | D:3      | 2392 ||| IDENTIFYING viscous red potion
  2393 | D:3      | 2393 ||| READING 2 scrolls of identify.
  2393 | D:3      | 2393 ||| IDENTIFYING yellow potion
  2394 | D:3      | 2394 ||| DROPPING potion of magic.
  2395 | D:3      | 2395 ||| DROPPING potion of invisibility.
  2577 | D:4      | Reached XP level 6. HP: 37/37 MP: 2/6
  2821 | D:4      | 2821 ||| Stepping ~*~*~tactically~*~*~ (hiding).
  3185 | D:4      | Found a bloodstained altar of Trog.
  3298 | D:4      | Found a staircase to the Ecumenical Temple.
  3299 | D:4      | 3299 ||| PLANNING TEMPLE
  3299 | D:4      | 3299 ||| DRINKING 2 fizzy purple potions.
  3300 | D:4      | 3300 ||| DRINKING 3 dark potions.
  3301 | D:4      | 3301 ||| READING 3 scrolls of identify.
  3301 | D:4      | 3301 ||| IDENTIFYING brown potion
  3302 | D:4      | 3302 ||| READING 2 scrolls of identify.
  3302 | D:4      | 3302 ||| IDENTIFYING sedimented puce potion
  3311 | Temple   | Entered the Ecumenical Temple
  3349 | Temple   | 3349 ||| PLANNING OKAWARU WORSHIP
  3392 | Temple   | Became a worshipper of Warmaster Okawaru
  3392 | Temple   | 3392 ||| PLANNING D:1-11
  3393 | Temple   | 3393 ||| REMOVING amulet of guardian spirit.
  3398 | Temple   | 3398 ||| REMOVING +3 Mad Mage's Maulers {Infuse+∞ VampMP
                  | -Cast}.
  3403 | Temple   | 3403 ||| DROPPING +3 Mad Mage's Maulers {Infuse+∞ VampMP
                  | -Cast}.
  3404 | Temple   | 3404 ||| DROPPING amulet of guardian spirit.
  3486 | D:4      | Found a sacrificial altar of Ru.
  3487 | D:4      | 3487 ||| Stepping ~*~*~tactically~*~*~ (hiding).
  3680 | D:4      | 3680 ||| DROPPING +0 war axe of electrocution.
  3718 | D:5      | Entered Level 5 of the Dungeon
  3734 | D:5      | Found a transporter.
  3737 | D:5      | Noticed qw's ghost (novice GrFi)
  3742 | D:5      | Found a transporter.
  3782 | D:5      | Found Cxtukhla's Commerce Corner.
  3789 | D:5      | 3789 ||| BUYING +0 cloak (67 gold).
  3789 | D:5      | Bought a +0 cloak for 67 gold pieces
  3789 | D:5      | 3789 ||| SHOPLISTING potion of cancellation (120 gold, have
                  | 48).
  3789 | D:5      | 3789 ||| BUYING potion of curing (45 gold).
  3789 | D:5      | Bought a potion of curing for 45 gold pieces
  3789 | D:5      | 3789 ||| SHOPLISTING ring of ice (375 gold, have 3).
  3808 | D:5      | HP: 9/37 [orc priest/nerve-wracking pain (4)]
  3808 | D:5      | HP: 2/37 [orc/+0 morningstar (7)]
  3808 | D:5      | Slain by an orc priest

Levels and vault maps discovered:
D:1:      lordsloth_arrival_two_stooges, layout_basic
D:2:      layout_rooms, small_statue_intersection, st_stairs_9
D:3:      layout_basic, serial_shops, nicolae_shop_tiny_statue_garden,
          nicolae_shop_just_a_little_nook, shop
D:4:      layout_rooms, nicolae_overflow_crystal_walls,
          nicolae_ru_great_annihilating_truth, minmay_temple_entry_offerings
D:5:      layout_basic, gammafunk_ghost_mausoleum, nicolae_alphabet_shops,
          chequers_serial_rivers_small_b, uniq_menkaure
Temple:   nicolae_temple_great_sept

Skill      XL: |  1  2  3  4  5  6 |
---------------+-------------------+-----
Axes           | 2 3 5 |  5.0
Shields        | 4 5 |  5.6
Fighting       | |  3.3
Armour         | |  3.2

Action                     |  1- 3 |  4- 6 || total
---------------------------+-------+-------++-------
  Melee: War axe           |   109 |    60 ||   169
    Use: Scroll            |    12 |     5 ||    17
         Potion            |       |     3 ||     3
   Stab: Paralysed         |       |     1 ||     1
 Armour: Scale mail        |    37 |     9 ||    46
         Chain mail        |       |    18 ||    18
  Dodge: Dodged            |    47 |    12 ||    59
  Block: Buckler           |    20 |     5 ||    25
         Tower shield      |       |    13 ||    13

Table legend:
 A = Non-vault XP
 B = Vault XP
 C = Vault XP percentage of total XP
 D = Non-vault monster count
 E = Vault monster count
 F = Vault count percentage of total count
                 A         B        C        D         E       F
            +---------+---------+-------+---------+---------+-------
      Total |     537 |       8 |   1.5 |      69 |       5 |   6.8
            +---------+---------+-------+---------+---------+-------
        D:1 |      39 |       0 |   0.0 |      23 |       0 |   0.0
        D:2 |      39 |       3 |   7.1 |      19 |       2 |   9.5
        D:3 |     156 |       0 |   0.0 |      12 |       0 |   0.0
        D:4 |     287 |       5 |   1.7 |      13 |       3 |  18.8
        D:5 |      16 |       0 |   0.0 |       2 |       0 |   0.0
            +---------+---------+-------+---------+---------+-------
